SNL (28 & UNDER)
WICHITA WRANGLERS @ SANTA FE DIABLOS
09/03/2023
 
TOP OF THE 1ST
Wichita Wranglers batting - Pitching for Santa Fe Diablos : RHP Jacob Bryant
Pitching: RHP Jacob Bryant
Batting: SHB Martín Medina 0-0: DOUBLE (Flyball, 78D)
Batting: RHB António Gonzáles 0-0: Ball
1-0: Ball
2-0: Swinging Strike
2-1: SINGLE (Line Drive, 78M)
Martín Medina to third
Runner from 3rd tries for Home, SAFE, no throw or cutoff
Batting: RHB Cho-yun Qiao 0-0: Ball
1-0: DOUBLE (Flyball, 78XD)
António Gonzáles to third
Batting: RHB Andrés Lara 0-0: Called Strike
0-1: Called Strike
0-2: Ball
1-2: Ball
2-2: Foul Ball, location: 2F
2-2: Foul Ball, location: 2F
2-2: SINGLE (Groundball, 6M)
António Gonzáles scores
Cho-yun Qiao to third
Batting: LHB Mario Cornelo 0-0: Ball
1-0: SINGLE (Groundball, 34)
Cho-yun Qiao scores
Andrés Lara to second
Runner from 2nd tries for 3rd, OUT!
Batting: RHB Gustavo Díaz 0-0: Ball
Wild Pitch!
Mario Cornelo to second
1-0: Called Strike
1-1: Called Strike
1-2: Ball
2-2: Fly out, F8 (Flyball, 8LS)
Batting: SHB Javier Peña 0-0: Called Strike
0-1: Ball
1-1: Ball
2-1: Ground out 4-3 (Groundball, 4M)
Top of the 1st over - 3 run(s), 5 hit(s), 0 error(s), 1 left on base; Wichita 3 - Santa Fe 0
BOTTOM OF THE 1ST
Santa Fe Diablos batting - Pitching for Wichita Wranglers : RHP George Lockhart
Pitching: RHP George Lockhart
Batting: RHB John Dinkins 0-0: Called Strike
0-1: Hit by Pitch
Batting: RHB Robinson Pacheco 0-0: Called Strike
0-1: Called Strike
0-2: Strikes out looking
Batting: SHB António Hernández 0-0: Called Strike
0-1: Fielders Choice at 2nd, 1-6 (Groundball, 15S)
Batting: RHB Wallace Greene 0-0: Ground out 6-3 (Groundball, 6)
Bottom of the 1st over - 0 run(s), 0 hit(s), 0 error(s), 1 left on base; Wichita 3 - Santa Fe 0
TOP OF THE 2ND
Wichita Wranglers batting - Pitching for Santa Fe Diablos : RHP Jacob Bryant
Batting: RHB Luis Sánchez 0-0: Called Strike
0-1: Ball
1-1: Ball
2-1: Ball
3-1: Base on Balls
Batting: RHB Dave Henderson 0-0: Ball
1-0: SINGLE (Groundball, 56D)
Luis Sánchez to second
Batting: SHB Martín Medina 0-0: Called Strike
0-1: Ball
1-1: Ball
2-1: Ground out 1-3 (Groundball, 3S)
Luis Sánchez to third
Dave Henderson to second
Batting: RHB António Gonzáles 0-0: Ball
1-0: Ground out 6-3 (Groundball, 6)
Luis Sánchez scores
Dave Henderson to third
Batting: RHB Cho-yun Qiao 0-0: Called Strike
0-1: Ball
1-1: Fly out, F9 (Popup, 89S)
Top of the 2nd over - 1 run(s), 1 hit(s), 0 error(s), 1 left on base; Wichita 4 - Santa Fe 0
BOTTOM OF THE 2ND
Santa Fe Diablos batting - Pitching for Wichita Wranglers : RHP George Lockhart
Batting: LHB Roberto Sandoval 0-0: Called Strike
0-1: Swinging Strike
0-2: SINGLE (Groundball, 3D)
Batting: LHB Don Soper 0-0: Ball
1-0: Swinging Strike
1-1: Foul Ball, location: 2F
1-2: Foul Ball, location: 2F
1-2: Foul Ball, location: 2F
1-2: Strikes out looking
Batting: RHB Keith Jones 0-0: Fly out, F9 (Flyball, 9S)
Batting: RHB Ray Davis 0-0: Fly out, F8 (Flyball, 8LXD)
Bottom of the 2nd over - 0 run(s), 1 hit(s), 0 error(s), 1 left on base; Wichita 4 - Santa Fe 0
TOP OF THE 3RD
Wichita Wranglers batting - Pitching for Santa Fe Diablos : RHP Jacob Bryant
Batting: RHB Andrés Lara 0-0: Ball
1-0: Ground out 3-1 (Groundball, 23)
Batting: LHB Mario Cornelo 0-0: Called Strike
0-1: Ball
1-1: Fly out, F8 (Flyball, 8LD)
Batting: RHB Gustavo Díaz 0-0: Ball
1-0: Called Strike
1-1: Ball
2-1: Ground out 5-3 (Groundball, 56S)
Top of the 3rd over - 0 run(s), 0 hit(s), 0 error(s), 0 left on base; Wichita 4 - Santa Fe 0
BOTTOM OF THE 3RD
Santa Fe Diablos batting - Pitching for Wichita Wranglers : RHP George Lockhart
Batting: RHB Ánibal Gonzáles 0-0: Called Strike
0-1: SINGLE (Groundball, 56D)
Batting: RHB John Dinkins 0-0: Called Strike
0-1: Fly out, F6 (Line Drive, 6)
Batting: RHB Robinson Pacheco 0-0: Called Strike
0-1: Grounds into double play, 6-4-3 (Groundball, 6D)
Bottom of the 3rd over - 0 run(s), 1 hit(s), 0 error(s), 0 left on base; Wichita 4 - Santa Fe 0
TOP OF THE 4TH
Wichita Wranglers batting - Pitching for Santa Fe Diablos : RHP Jacob Bryant
Batting: SHB Javier Peña 0-0: Fly out, F9 (Line Drive, 89D)
Batting: RHB Luis Sánchez 0-0: Ball
1-0: Ball
2-0: Ball
3-0: Called Strike
3-1: Base on Balls
Batting: RHB Dave Henderson 0-0: Foul Ball, location: 2F
0-1: SINGLE (Line Drive, 7LS)
Luis Sánchez to second
Batting: SHB Martín Medina 0-0: Ball
1-0: Ball
2-0: Called Strike
2-1: 3-RUN HOME RUN (Flyball, 9D), Distance : 347 ft
Pitching: RHP Gerard Allen
Batting: RHB António Gonzáles 0-0: Called Strike
0-1: Called Strike
0-2: Foul Ball, location: 2F
0-2: Ball
1-2: Fly out, F9 (Flyball, 9S)
Batting: RHB Cho-yun Qiao 0-0: Ball
1-0: Ball
2-0: Ball
3-0: Called Strike
3-1: Base on Balls
Batting: RHB Andrés Lara 0-0: DOUBLE (Line Drive, 78D)
Cho-yun Qiao to third
Batting: LHB Mario Cornelo 0-0: Foul Ball, location: 2F
0-1: Called Strike
0-2: Ball
1-2: Strikes out swinging
Top of the 4th over - 3 run(s), 3 hit(s), 0 error(s), 2 left on base; Wichita 7 - Santa Fe 0
BOTTOM OF THE 4TH
Santa Fe Diablos batting - Pitching for Wichita Wranglers : RHP George Lockhart
Batting: SHB António Hernández 0-0: Ball
1-0: Ball
2-0: Ground out 6-3 (Groundball, 6)
Batting: RHB Wallace Greene 0-0: Ball
1-0: Foul Ball, location: 2F
1-1: Swinging Strike
1-2: Ball
2-2: Strikes out looking
Batting: LHB Roberto Sandoval 0-0: Ball
1-0: Ball
2-0: Ball
3-0: Base on Balls
Batting: LHB Don Soper 0-0: Foul Ball, location: 2F
0-1: Foul Ball, location: 2F
0-2: Ball
1-2: Fly out, F8 (Flyball, 8LM)
Bottom of the 4th over - 0 run(s), 0 hit(s), 0 error(s), 1 left on base; Wichita 7 - Santa Fe 0
TOP OF THE 5TH
Wichita Wranglers batting - Pitching for Santa Fe Diablos : RHP Gerard Allen
Batting: RHB Gustavo Díaz 0-0: Ball
1-0: Fly out, F8 (Flyball, 8RM)
Batting: SHB Javier Peña 0-0: Ball
1-0: Foul Ball, location: 2F
1-1: Fly out, F9 (Line Drive, 89D)
Batting: RHB Luis Sánchez 0-0: Fly out, F8 (Flyball, 89M)
Top of the 5th over - 0 run(s), 0 hit(s), 0 error(s), 0 left on base; Wichita 7 - Santa Fe 0
BOTTOM OF THE 5TH
Santa Fe Diablos batting - Pitching for Wichita Wranglers : RHP George Lockhart
Batting: RHB Keith Jones 0-0: Called Strike
0-1: Called Strike
0-2: Foul Ball, location: 2F
0-2: Foul Ball, location: 2F
0-2: Ball
1-2: Ball
2-2: Strikes out swinging
Batting: RHB Ray Davis 0-0: Called Strike
0-1: Called Strike
0-2: Ball
1-2: Foul Ball, location: 2F
1-2: Strikes out swinging
Batting: RHB Ánibal Gonzáles 0-0: Called Strike
0-1: Ball
1-1: Fly out, F8 (Line Drive, 8LM)
Bottom of the 5th over - 0 run(s), 0 hit(s), 0 error(s), 0 left on base; Wichita 7 - Santa Fe 0
TOP OF THE 6TH
Wichita Wranglers batting - Pitching for Santa Fe Diablos : RHP Gerard Allen
Batting: RHB Dave Henderson 0-0: Called Strike
0-1: Fly out, F8 (Flyball, 8RM)
Batting: SHB Martín Medina 0-0: Foul Ball, location: 2F
0-1: Ball
1-1: Ball
2-1: Called Strike
2-2: Foul Ball, location: 2F
2-2: Strikes out swinging
Batting: RHB António Gonzáles 0-0: Ball
1-0: Foul Ball, location: 2F
1-1: Fly out, F7 (Flyball, 78M)
Top of the 6th over - 0 run(s), 0 hit(s), 0 error(s), 0 left on base; Wichita 7 - Santa Fe 0
BOTTOM OF THE 6TH
Santa Fe Diablos batting - Pitching for Wichita Wranglers : RHP George Lockhart
Batting: RHB John Dinkins 0-0: Ball
1-0: Ball
2-0: Ball
3-0: Base on Balls
Batting: RHB Robinson Pacheco 0-0: Ball
1-0: Called Strike
1-1: Foul Ball, location: 2F
1-2: Foul Ball, location: 2F
1-2: SINGLE (Groundball, 56)
John Dinkins to second
Batting: SHB António Hernández 0-0: Ball
1-0: Foul Ball, location: 2F
1-1: Foul Ball, location: 2F
1-2: Ball
2-2: Ball
3-2: Fielders Choice at 2nd, 1-6 (Groundball, 15)
John Dinkins to third
Batting: RHB Wallace Greene 0-0: SINGLE (Line Drive, 34D)
John Dinkins scores
António Hernández to second
Batting: LHB Roberto Sandoval 0-0: Ball
António Hernández steals 3rd base
Wallace Greene to second
1-0: Ball
2-0: Foul Ball, location: 2F
2-1: Ball
3-1: SINGLE (Groundball, 4MD)
António Hernández scores
Wallace Greene to third
Runner from 3rd tries for Home, SAFE, no throw or cutoff
Batting: LHB Don Soper 0-0: Ball
1-0: Called Strike
1-1: Called Strike
1-2: Foul Ball, location: 2F
1-2: Fly out, F7 (Flyball, 7S)
Batting: RHB Keith Jones 0-0: Ball
1-0: Foul Ball, location: 2F
1-1: 2-RUN HOME RUN (Flyball, 7D), Distance : 368 ft
Batting: RHB Ray Davis 0-0: Ball
1-0: Called Strike
1-1: Ball
2-1: Called Strike
2-2: Strikes out looking
Bottom of the 6th over - 5 run(s), 4 hit(s), 0 error(s), 0 left on base; Wichita 7 - Santa Fe 5
TOP OF THE 7TH
Wichita Wranglers batting - Pitching for Santa Fe Diablos : RHP Gerard Allen
Pitching: RHP Bartolo Muñóz
Batting: RHB Cho-yun Qiao 0-0: Called Strike
0-1: Ball
1-1: Foul Ball, location: 2F
1-2: Strikes out swinging
Batting: RHB Andrés Lara 0-0: Swinging Strike
0-1: Ground out 4-3 (Groundball, 4)
Batting: LHB Mario Cornelo 0-0: Called Strike
0-1: Ball
1-1: Foul Ball, location: 2F
1-2: Strikes out swinging
Top of the 7th over - 0 run(s), 0 hit(s), 0 error(s), 0 left on base; Wichita 7 - Santa Fe 5
BOTTOM OF THE 7TH
Santa Fe Diablos batting - Pitching for Wichita Wranglers : RHP George Lockhart
Pitching: RHP Pat Ellis
Batting: RHB Ánibal Gonzáles 0-0: Foul Ball, location: 2F
0-1: Foul Ball, location: 2F
0-2: Foul Ball, location: 2F
0-2: Ball
1-2: Ball
2-2: Foul Ball, location: 2F
2-2: Strikes out looking
Batting: RHB John Dinkins 0-0: Called Strike
0-1: Called Strike
0-2: Ball
1-2: Ball
2-2: Foul Ball, location: 2F
2-2: Foul Ball, location: 2F
2-2: Strikes out swinging
Batting: RHB Robinson Pacheco 0-0: Swinging Strike
0-1: Swinging Strike
0-2: Fly out, F8 (Line Drive, 8LM)
Bottom of the 7th over - 0 run(s), 0 hit(s), 0 error(s), 0 left on base; Wichita 7 - Santa Fe 5
TOP OF THE 8TH
Wichita Wranglers batting - Pitching for Santa Fe Diablos : RHP Bartolo Muñóz
Batting: RHB Gustavo Díaz 0-0: Called Strike
0-1: Swinging Strike
0-2: Strikes out swinging
Batting: SHB Javier Peña 0-0: Ball
1-0: Ball
2-0: Called Strike
2-1: Foul Ball, location: 2F
2-2: Fly out, F4 (Popup, 34)
Batting: RHB Luis Sánchez 0-0: Called Strike
0-1: Ball
1-1: Ball
2-1: Foul Ball, location: 2F
2-2: Ground out 5-3 (Groundball, 56S)
Top of the 8th over - 0 run(s), 0 hit(s), 0 error(s), 0 left on base; Wichita 7 - Santa Fe 5
BOTTOM OF THE 8TH
Santa Fe Diablos batting - Pitching for Wichita Wranglers : RHP Pat Ellis
Batting: SHB António Hernández 0-0: Called Strike
0-1: Ball
1-1: Ball
2-1: Foul Ball, location: 2F
2-2: Ball
3-2: Foul Ball, location: 2F
3-2: Foul Ball, location: 2F
3-2: TRIPLE (Flyball, 78M)
Batting: RHB Wallace Greene 0-0: Ball
1-0: Called Strike
1-1: Ball
2-1: Foul Ball, location: 2F
2-2: Foul Ball, location: 2F
2-2: Strikes out swinging
Pitching: LHP Anthony Erickson
Batting: LHB Roberto Sandoval 0-0: Called Strike
0-1: Swinging Strike
0-2: Ball
1-2: Foul Ball, location: 2F
1-2: Foul Ball, location: 2F
1-2: Ball
2-2: Foul Ball, location: 2F
2-2: Foul Ball, location: 2F
2-2: Ball
3-2: Base on Balls
Pinch Hitting: RHB Júlio López 0-0: Fly out, F2 (Popup, 23F)
Pinch Hitting: RHB José Alvarado 0-0: Ball
1-0: Fly out, F6 (Popup, 6MD)
Bottom of the 8th over - 0 run(s), 1 hit(s), 0 error(s), 2 left on base; Wichita 7 - Santa Fe 5
TOP OF THE 9TH
Wichita Wranglers batting - Pitching for Santa Fe Diablos : RHP Bartolo Muñóz
Now at 1B: Júlio López
Now in RF: Richard Wilkins
Batting: RHB Dave Henderson 0-0: Called Strike
0-1: Ball
1-1: Fly out, F3 (Popup, 3SF)
Batting: SHB Martín Medina 0-0: Called Strike
0-1: Ball
1-1: Fly out, F6 (Popup, 6MD)
Pitching: LHP Doug Starks
Batting: RHB António Gonzáles 0-0: Ball
1-0: Ball
2-0: Called Strike
2-1: Ball
3-1: Foul Ball, location: 2F
3-2: Foul Ball, location: 2F
3-2: Base on Balls
Batting: RHB Cho-yun Qiao 0-0: Foul Ball, location: 2F
0-1: Ball
1-1: SINGLE (Line Drive, 8LS)
António Gonzáles to second
Pitching: LHP Jerry Beck
Pinch Hitting: RHB Felipe Rivas 0-0: SINGLE (Flyball, 8LS)
António Gonzáles to third
Cho-yun Qiao to second
Runner from 3rd tries for Home, SAFE, no throw or cutoff
Batting: LHB Mario Cornelo 0-0: Swinging Strike
0-1: Ground out 4-3 (Groundball, 4)
Top of the 9th over - 1 run(s), 2 hit(s), 0 error(s), 2 left on base; Wichita 8 - Santa Fe 5
BOTTOM OF THE 9TH
Santa Fe Diablos batting - Pitching for Wichita Wranglers : LHP Anthony Erickson
Pitching: RHP Craig Adams
Now in RF: Felipe Rivas
Batting: RHB Ray Davis 0-0: Ball
1-0: Called Strike
1-1: Swinging Strike
1-2: Ball
2-2: Ball
3-2: Foul Ball, location: 2F
3-2: Base on Balls
Batting: RHB Ánibal Gonzáles 0-0: Ball
1-0: Ball
2-0: Ball
3-0: Called Strike
3-1: Swinging Strike
3-2: Fly out, F9 (Flyball, 9M)
Batting: RHB John Dinkins 0-0: Grounds into double play, 4-6-3 (Groundball, 4M)
Bottom of the 9th over - 0 run(s), 0 hit(s), 0 error(s), 0 left on base; Wichita 8 - Santa Fe 5
This league is powered by Out of the Park Baseball, the baseball management simulation game for PC, Mac and Linux
Wednesday, December 2nd, 2015 - OOTP Baseball 16.8 Build 38